 Dungeon Crawl Stone Soup version 0.25-a0-447-gff83419037 (webtiles) character file.

Game seed: 6692123916245859686, levelgen mode: deterministic

3497 LSt the Archer (level 9, 60/82 HPs)
             Began as a Centaur Hunter on Jan 30, 2020.
             Was a Priest of Okawaru.
             Quit the game on level 7 of the Dungeon on Jan 31, 2020.
             The game lasted 01:01:57 (11487 turns).

LSt the Archer (Centaur Hunter)                    Turns: 11487, Time: 01:01:57

Health: 60/82      AC: 11    Str: 17    XL:     9   Next: 80%
Magic:  11/11      EV:  8    Int: 10    God:    Okawaru [***...]
Gold:   456        SH:  0    Dex: 11    Spells: 8/8 levels left

rFire    . . .     SeeInvis .   a - +2 shortbow
rCold    + . .     Gourm    .   (shield currently unavailable)
rNeg     . . .     Faith    .   L - +3 ring mail {rC+}
rPois    .         Spirit   .   Q - +0 helmet
rElec    .         Reflect  .   (no cloak)
rCorr    .         Harm     .   D - +1 pair of gloves
MR       .....                  (no barding)
Stlth    +.........             (no amulet)
HPRegen  0.23/turn              (no ring)
MPRegen  0.12/turn              K - ring of stealth

@: very quick
A: large, hooves 3, deformed body, speed 2, tough skin 3
a: Heroism, Renounce Religion


You were on level 7 of the Dungeon.
You worshipped Okawaru.
Okawaru was most pleased with you.
You were hungry.

You visited 2 branches of the dungeon, and saw 9 of its levels.

You collected 456 gold pieces.

Inventory:

Hand Weapons
 a - a +2 shortbow (weapon)
 b - a +1 flail of venom
 g - a +0 hand axe of electrocution
 v - a +0 hunting sling
 B - a +0 short sword
 I - a +0 falchion
 N - a +2 vorpal mace
Missiles
 d - 131 arrows (quivered)
 e - 140 sling bullets
 k - 42 bolts
 n - 257 stones
 p - 3 silver boomerangs
 y - 22 poisoned darts
Armour
 c - a +0 leather armour
 D - a +1 pair of gloves (worn)
 L - a +3 ring mail of cold resistance (worn)
 M - a +3 plate armour
 P - +0 acid dragon scales
 Q - a +0 helmet (worn)
Jewellery
 K - a ring of stealth (right hand)
Wands
 t - a wand of enslavement (6)
 E - a wand of flame (14)
Scrolls
 h - a scroll of summoning {unknown}
 i - a scroll of identify
 j - 2 scrolls of remove curse
 u - 4 scrolls of teleportation
 w - a scroll of enchant weapon
 A - 2 scrolls of enchant armour
 H - 2 scrolls of fear
 J - a scroll of fog
 O - a scroll of immolation
Potions
 l - 2 potions of haste
 m - a potion of lignification
 o - 3 potions of cancellation
 q - a potion of magic
 r - a potion of curing
 s - a potion of might
 x - a potion of flight {unknown}
 z - a potion of resistance
 C - a potion of degeneration {unknown}
 F - a potion of agility
 G - a potion of berserk rage {unknown}
Comestibles
 f - 11 rations
 R - 2 chunks of flesh


   Skills:
 + Level 8.7 Fighting
 + Level 14.3 Bows
 - Level 1.3 Dodging
 - Level 0.4 Stealth
 - Level 2.7 Invocations


You had 8 spell levels left.
You didn't know any spells.
Your spell library contained the following spells:

 Spells                   Type           Power        Failure   Level  Hunger
 Corona                   Hex            #......      56%         1    ##.....
 Ensorcelled Hibernation  Hex/Ice        #.....       71%         2    ###....
 Confusing Touch          Hex            #.......     91%         3    ####...
 Dazzling Flash           Conj/Hex       #.....       91%         3    ####...
 Tukima's Dance           Hex            #.......     91%         3    ####...


Dungeon Overview and Level Annotations

Branches:
Dungeon (8/15)             Temple (1/1) D:5
   Lair: D:8-11

Altars:
Ashenzari
Cheibriados
Dithmenos
Elyvilon
Fedhas
Gozag
Hepliaklqana
Makhleb
Nemelex Xobeh
Okawaru
Qazlal
Ru
Sif Muna
Trog
Uskayaw
Vehumet
Wu Jian
Xom
Yredelemnul
The Shining One

Shops:
D:5 %


Innate Abilities, Weirdness & Mutations

You have hooves in place of feet.
Armour fits poorly on your strangely shaped body.
You cover ground very quickly.
You have extremely tough skin. (AC +3)


Message History

Firing (i - inventory. (/) - cycle)
d - 132 arrows (quivered)
Press: ? - help, Shift-Dir - straight line, f/p - orc wizard
Aim: an orc wizard, wielding a +0 dagger and wearing a +0 robe You shoot an arrow.
The arrow hits the warg!
You kill the warg!
Okawaru accepts your kill.
The orc wizard casts a spell.
The orc wizard flickers and vanishes!
Deactivating autopickup; reactivate with Ctrl-A.
Things that are here:
a +0 dagger; a +0 robe; an orc skeleton
There is a stone staircase leading up here.
You climb upwards.
Reactivating autopickup.
There is a stone staircase leading down here.
Saving game... please wait.
Welcome back, LSt the Centaur Hunter.
Okawaru says: Bring me glory in combat!
Press ? for a list of commands and other information.
Are you sure you want to abandon this character and quit the game? (Confirm with "yes".)

#....#[..#..................
###.#...#####...............
#.##### #..........#......
### ###..#.....#......
##..##.......#...
##...##.....###...
##............#####
#....###.....).# #.@.##
#.......# ##.## ##......#
### ####..## ####


There were no monsters in sight!

Vanquished Creatures
  Joseph (D:8)
  Maggie (D:7)
  Prince Ribbit (D:7)
  A steam dragon (D:7)
  2 wargs (D:8)
  Duvessa (D:7)
  2 orc warriors
  A sky beast (D:8)
  An ice beast (D:7)
  3 centaurs
  2 big kobolds
  2 bullfrogs
  Dowan (D:7)
  A scorpion (D:6)
  4 killer bees (D:7)
  3 wights (D:7)
  A howler monkey (D:8)
  5 crimson imps
  A jelly (D:6)
  An orc priest (D:6)
  5 hounds
  A bullfrog skeleton (D:6)
  An iguana (D:6)
  Ijyb (D:4)
  Terence (D:3)
  9 orc wizards
  A worker ant (D:4)
  A hound skeleton (D:7)
  A worker ant zombie (D:5)
  5 adders
  An ooze (D:2)
  2 worms
  An adder skeleton (D:7)
  3 dart slugs
  4 leopard geckos
  25 orcs
  7 bats
  7 giant cockroaches
  12 goblins
  4 hobgoblins
  13 jackals
  14 kobolds
  A quokka (D:3)
  A ball python (D:3)
  9 frilled lizards
  A leopard gecko zombie (D:7)
  2 quokka skeletons
  8 rats
176 creatures vanquished.

Notes
Turn   | Place    | Note
-------+----------+-------------------------------------------
     0 | D:1      | LSt the Centaur Hunter began the quest for the Orb.
     0 | D:1      | Reached XP level 1. HP: 17/17 MP: 1/1
   360 | D:1      | Reached skill level 6 in Bows
   360 | D:1      | Reached XP level 2. HP: 24/24 MP: 2/2
   881 | D:1      | Reached XP level 3. HP: 29/29 MP: 3/3
  1586 | D:2      | Reached skill level 7 in Bows
  2290 | D:3      | Reached XP level 4. HP: 24/36 MP: 4/4
  2812 | D:3      | Noticed Terence
  2988 | D:3      | Killed Terence
  2988 | D:3      | Reached skill level 8 in Bows
  3089 | D:3      | Reached XP level 5. HP: 39/41 MP: 5/5
  3613 | D:4      | Noticed Ijyb
  3621 | D:4      | Killed Ijyb
  4152 | D:5      | Entered Level 5 of the Dungeon
  4188 | D:5      | Reached skill level 9 in Bows
  4188 | D:5      | Reached XP level 6. HP: 48/51 MP: 6/6
  4746 | D:5      | Found a staircase to the Ecumenical Temple.
  4759 | Temple   | Entered the Ecumenical Temple
  5116 | D:5      | Found a sparkling altar of Nemelex Xobeh.
  5268 | D:5      | Reached skill level 10 in Bows
  5385 | D:5      | Reached XP level 7. HP: 40/59 MP: 7/7
  5813 | D:5      | Found Ytiatum's Food Emporium.
  6087 | D:6      | Reached skill level 11 in Bows
  6421 | D:6      | Found a radiant altar of Vehumet.
  6424 | D:6      | Found an iron altar of Okawaru.
  6428 | D:6      | Became a worshipper of Warmaster Okawaru
  6432 | D:6      | Found a burning altar of Makhleb.
  7464 | D:6      | Reached skill level 12 in Bows
  7464 | D:6      | Reached XP level 8. HP: 39/66 MP: 8/8
  7595 | D:6      | Found a blossoming altar of Fedhas.
  8237 | D:6      | Reached * piety under Okawaru
  8383 | D:7      | Reached skill level 5 in Fighting
  8501 | D:7      | Noticed Duvessa
  8874 | D:7      | Found a shimmering blue altar of Sif Muna.
  8988 | D:7      | Noticed Maggie
  9008 | D:7      | Killed Maggie
  9008 | D:7      | Reached skill level 13 in Bows
  9467 | D:7      | Noticed Prince Ribbit
  9478 | D:7      | Killed Prince Ribbit
  9478 | D:7      | Reached ** piety under Okawaru
  9478 | D:7      | Reached XP level 9. HP: 54/74 MP: 8/11
  9500 | D:7      | Reached skill level 14 in Bows
  9924 | D:7      | Killed Duvessa
  9955 | D:7      | Noticed Dowan
  9961 | D:7      | Killed Dowan
 10783 | D:8      | Noticed Joseph
 10801 | D:8      | Killed Joseph
 11124 | D:8      | Found a hide-covered altar of Uskayaw.
 11463 | D:8      | Reached *** piety under Okawaru
 11463 | D:8      | Received a gift from Okawaru
 11487 | D:7      | Upgraded the game from 0.25-a0-443-gece2dee8bd to
                  | 0.25-a0-447-gff83419037
 11487 | D:7      | Quit the game

Levels and vault maps discovered:
D:1:      dpeg_arrival_connections, layout_basic
D:2:      layout_rooms
D:3:      layout_rooms, first_ration, nicolae_underground_beach, uniq_terence
D:4:      wander_river, layout_rooms, uniq_ijyb
D:5:      layout_layer_cave, nemelex_xobeh_ov_fountains_minmay,
          minmay_temple_entry_ruins, serial_shops, nicolae_shop_behind_doors
D:6:      layout_basic, fedhas_bush_and_centaur_altar,
          grunt_temple_overflow_diamond
D:7:      layout_cave_pools, nicolae_overflow_crystal_walls,
          minmay_misc_feat_ornament, uniq_maggie, uniq_duvessa,
          uniq_prince_ribbit1
D:8:      layout_gridville, kennysheep_mini_moat, overflow_temple_1_default,
          erik_lair_orcish_takeover, ashenzari_altar_1, uniq_joseph
Temple:   nicolae_temple_figure_eight

Skill      XL: |  1  2  3  4  5  6  7  8  9 |
---------------+----------------------------+-----
Bows           | 6 7 8 9 10 12 13 14 | 14.3
Fighting       | 3 4 5 8 |  8.7
Invocations    | 2 |  2.7
Dodging        | |  1.3
Stealth        | |  0.4

Action                   |  1- 3 |  4- 6 |  7- 9 || total
-------------------------+-------+-------+-------++-------
Melee: Short sword       |   197 |    60 |       ||   257
       Kick              |    41 |    36 |    42 ||   119
       Mace              |       |   116 |    50 ||   166
       Flail             |       |       |   136 ||   136
 Fire: Shortbow          |       |    42 |   208 ||   250
       Hunting sling     |       |       |    28 ||    28
Throw: Stone             |       |       |     3 ||     3
Invok: Heroism           |       |       |     6 ||     6
  Use: Scroll            |     3 |     5 |    10 ||    18
       Potion            |       |       |     1 ||     1
  Eat: Chunk             |     3 |     9 |    15 ||    27
Armor: Leather armour    |    64 |    13 |       ||    77
       Scale mail        |       |    79 |    75 ||   154
       Acid dragon scale |       |       |    31 ||    31
       Ring mail         |       |       |    25 ||    25
Dodge: Dodged            |   104 |    82 |    96 ||   282

Table legend:
 A = Non-vault XP
 B = Vault XP
 C = Vault XP percentage of total XP
 D = Non-vault monster count
 E = Vault monster count
 F = Vault count percentage of total count
                 A         B        C        D         E       F
            +---------+---------+-------+---------+---------+-------
      Total |    3114 |    1883 |  37.7 |     163 |      13 |   7.4
            +---------+---------+-------+---------+---------+-------
        D:1 |      46 |       0 |   0.0 |      25 |       0 |   0.0
        D:2 |      45 |       0 |   0.0 |      21 |       0 |   0.0
        D:3 |      75 |      36 |  32.4 |      25 |       1 |   3.8
        D:4 |     136 |      36 |  20.9 |       8 |       1 |  11.1
        D:5 |     594 |       0 |   0.0 |      24 |       0 |   0.0
        D:6 |     700 |     110 |  13.6 |      22 |       1 |   4.3
        D:7 |    1141 |     854 |  42.8 |      30 |       4 |  11.8
        D:8 |     377 |     847 |  69.2 |       8 |       6 |  42.9
            +---------+---------+-------+---------+---------+-------
